Workbook

Sheet ENERO 2026
B5: BALANCE GENERAL
B6: AL 31 DE ENERO DE 2026
B7: VALORES RD$
B8: ACTIVOS
B9: Corrientes
B10: Efectivo en Caja | C10: Nota 1 | D10: =+'Disp. caja'!E9 -> 345150
B11: Efectivo en Banco | C11: Nota 2 | D11: =+'En banco'!C6 -> 7531434.3
B12: Inventario de Bienes de Consumo | C12: Nota 3 | D12: =11548188.82+4479919.45 -> 16028108
B13: Total Activos corrientes | D13: =D10+D11+D12 -> 23904693
B15: Activos no Corrientes | C15: Nota 4
B16: Mobiliario y Equipo de Oficina | D16: =+'Act. No Corr.'!E20 -> 2.586234e+08
B17: Equipo de Transporte | D17: =+'Act. No Corr.'!F20 -> 2.2435357e+08
B18: Otros Activos | D18: =+'Act. No Corr.'!G20 -> 40805672
B19: Subt-Total | D19: =SUM(D16:D18) -> 5.2378264e+08
B20: Menos: Depreciación Acumulada | D20: 1.8518517e+08
B21: Total Activos no Corrientes | D21: =D19-D20 -> 3.3859747e+08
B23: TOTAL ACTIVOS | D23: =D13+D21 -> 3.6250216e+08
B25: PASIVOS
B26: Pasivos Corrientes
B27: Cuentas por Pagar | C27: Nota 5 | D27: 41463265
B28: Total Pasivos Corrientes | D28: =D27 -> 41463265
B30: Pasivos no Corrientes | D30: 0
B32: TOTAL PASIVO | D32: =D28+D30 -> 41463265
B33: PATRIMONIO
B34: Patrimonio | D34: =D23-D32 -> 3.2103889e+08
B35: TOTAL PATRIMONIO | D35: =D23-D32 -> 3.2103889e+08
B37: TOTAL PASIVOS Y PATRIMONIO | D37: =D32+D35 -> 3.6250216e+08
B40: Elaborado por: | C40: Revisado por: | D40: Aprobado por:
B42: ______________________________ | C42: _____________________________ | D42: ________________________________
B43: Gleyris Damián | C43: Mildred Rodriguez | D43: Gloria Contreras
B44: Técnico de contabilidad | C44: Encargada de Contabilidad | D44: Directora Financiera
B46: Notas:
B47: 1. Efectivo en caja en base a arqueos realizados al fondo de caja chica de la Institución al 31/01/2026.
B48: 2. Efectivo en banco conformado por los balances disponibles en las cuentas Nos. 3140000768 y 2400165429, según Estados de Cuentas bancarios al corte del mes.
B49: 3. Saldo correspondiente al inventario existente a final del mes, de acuerdo al reporte inventario de Bienes de Consumo al 30/01/2026 emitido por la División de Almacén del MEM; Asi como, formulario de arqueo de combustible firmado por la custodio del fondo y Encargada de Contabilidad.
B50: 4. Activos no Corrientes conformados por el acumulado de los activos adquiridos menos la depreciación acumulada contenidos en el Sistema de Administracion de Bienes (SIAB), de acuerdo al Reporte General Resumido por Objetales, generado en dicho sistema, al 31/01/2026.
B51: 5. Cuentas por pagar en base a facturas recibidas, pendientes de pago, de acuerdo al reporte Estado de Cuentas a Proveedores al 31/01/2026, emitido por la División de Cuentas por Pagar del MEM.

Sheet Disp. caja
D7: Disponibilidad en caja
D8: ADMINISTRATIVO | E8: 345150
D9: TOTAL RD$ | E9: =SUM(E8:E8) -> 345150

Sheet En banco
B4: Fondo Reponible | C4: 809615.4
B5: Cuenta Operativa | C5: 6721818.9
B6: TOTAL | C6: =SUM(C4:C5) -> 7531434.3

Sheet Act. No Corr.
E4: Mobiliario y Equipo de Oficina | F4: Equipo de Transporte | G4: Otros Activos
E5: 21652502 | F5: 1.9158417e+08 | G5: 1022940.9
E6: 287298.68 | F6: 144165.86 | G6: 8401835.5
E7: 66934500 | F7: 523514.32 | G7: 446279.54
E8: 6522306.1 | F8: 33736.22 | G8: 13412896
E9: 3802580.8 | F9: 83898 | G9: 9830850.1
E10: 5126087.6 | F10: 31984084 | G10: 3606563.2
E11: 7465128.3 | G11: 281194
E12: 1238062.4 | G12: 3803112.4
E13: 5731328.8
E14: 448491.26
E15: 13399217
E16: 8579879.5
E17: 10968871
E18: 43223937
E19: 63243211
E20: =SUM(E5:E19) -> 2.586234e+08 | F20: =SUM(F5:F19) -> 2.2435357e+08 | G20: =SUM(G5:G19) -> 40805672 | H20: =SUM(E20:G20) -> 5.2378264e+08
A23: Activos no Corrientes
A24: Mobiliario y Equipo de Oficina
A25: Equipo de Transporte
A26: Otros Activos
